 Dungeon Crawl Stone Soup version 0.24.0-13-gcf9b319 (webtiles) character file.

Game seed: 12506515993344074107, levelgen mode: deterministic

584 Fang the Skirmisher (level 7, 0/44 HPs)
             Began as a Gargoyle Berserker on Nov 21, 2019.
             Was a Believer of Trog.
             Slain by an ogre
             ... wielding a +0 giant spiked club
              (23 damage)
             ... on level 4 of the Dungeon.
             The game lasted 00:04:01 (2886 turns).

Fang the Skirmisher (Gargoyle Berserker)            Turns: 2886, Time: 00:04:02

Health: 0/44       AC: 14    Str: 23    XL:     7   Next: 37%
Magic:  7/7        EV:  9    Int:  7    God:    Trog [**....]
Gold:   216        SH:  0    Dex:  9    Spells: 6/6 levels left

rFire    . . .     SeeInvis .   a - +0 hand axe
rCold    . . .     Gourm    .   (no shield)
rNeg     + . .     Faith    .   b - +0 chain mail
rPois    ∞         Spirit   .   (no helmet)
rElec    +         Reflect  .   (no cloak)
rCorr    .         Harm     .   (no gloves)
MR       .....                  (no boots)
Stlth    ..........             (no amulet)
HPRegen  0.14/turn              (no ring)
MPRegen  0.10/turn              (no ring)

@: no status effects
A: negative energy resistance 1, electricity resistance, unbreathing,
petrification resistance, rot immunity, AC +4
a: Berserk, Trog's Hand, Renounce Religion


You were on level 4 of the Dungeon.
You worshipped Trog.
Trog was pleased with you.
You were not hungry.

You visited 1 branch of the dungeon, and saw 4 of its levels.

You collected 216 gold pieces.

Inventory:

Hand Weapons
 a - a +0 hand axe (weapon)
Armour
 b - a +0 chain mail (worn)
Wands
 r - a wand of flame (15)
 s - a wand of digging (6)
Scrolls
 d - a scroll of enchant weapon {unknown}
 e - 7 scrolls of identify {unknown}
 h - a scroll of fog {unknown}
 i - 3 scrolls of teleportation {unknown}
 j - a scroll of magic mapping {unknown}
 k - 3 scrolls of remove curse {unknown}
 m - a scroll of enchant armour {unknown}
 q - 2 scrolls of noise {unknown}
Potions
 g - 5 potions of curing {unknown}
 l - 2 potions of berserk rage {unknown}
 n - 3 potions of heal wounds {unknown}
 o - a potion of lignification {unknown}
 p - 2 potions of magic {unknown}
Comestibles
 c - 7 rations


   Skills:
 + Level 5.3 Fighting
 + Level 4.3 Axes
 + Level 4.6 Armour
 + Level 3.4 Dodging


You had 6 spell levels left.
You didn't know any spells.
Your spell library was empty.

Dungeon Overview and Level Annotations

Branches:
Dungeon (4/15)
 Temple: D:4-7

Altars:


Innate Abilities, Weirdness & Mutations

You are resistant to torment.
Your stone body is resilient. (AC +4)
You are immune to poison.
You resist negative energy. (rN+)
You are resistant to electric shocks. (rElec)
You can survive without breathing.
You are immune to petrification.
You are immune to rotting.


Message History

There is an open door here.
There is an open door here.
You see here an uncursed ring of ice.
There is an open door here.
There is an open door here.
Found 2 datura-tipped darts.
An ogre comes into view. It is wielding a +0 giant spiked club.
The ogre shouts!
An ogre is nearby!
You hit the ogre.
The ogre is lightly wounded.
The ogre hits you with a +0 giant spiked club!
You hit the ogre.
The ogre is moderately wounded.
The ogre hits you with a +0 giant spiked club.
You hit the ogre.
The ogre is moderately wounded.
The ogre hits you with a +0 giant spiked club!!
Ouch! That really hurt!
You die...

####### ......# ############
......# +........... ......#
#........... ......# #....O......
......# #...@....... ......#
#(.......... ......# ##.###+#####
.###+#########.##....
.'.....#..............
.#.....#..............
.#.....#.............. ..
.#.....#.............. ...
.#..##.####'##################...


You could see an ogre.

Vanquished Creatures
  Grinder (D:3)
  A scorpion (D:4)
  2 hounds (D:4)
  An orc priest (D:4)
  An orc wizard (D:4)
  An iguana (D:4)
  2 worker ants (D:4)
  A hound skeleton (D:4)
  2 gnolls (D:2)
  4 adders
  An ooze (D:4)
  2 worms
  2 dart slugs (D:2)
  2 leopard geckos (D:4)
  7 orcs
  6 goblins
  A hobgoblin (D:2)
  5 jackals
  6 quokkas
  5 bats
  6 frilled lizards
  4 kobolds
  A quokka skeleton (D:2)
  2 rats
66 creatures vanquished.

Notes
Turn   | Place    | Note
-------+----------+-------------------------------------------
     0 | D:1      | Fang the Gargoyle Berserker began the quest for the Orb.
     0 | D:1      | Reached XP level 1. HP: 14/14 MP: 1/1
   438 | D:1      | Reached XP level 2. HP: 17/19 MP: 2/2
  1105 | D:2      | Reached ** piety under Trog
  1151 | D:2      | Reached XP level 3. HP: 15/23 MP: 3/3
  1594 | D:2      | Reached XP level 4. HP: 27/29 MP: 4/4
  1859 | D:3      | Noticed Grinder
  1860 | D:3      | Paralysed by Grinder for 5 turns
  1936 | D:3      | Killed Grinder
  1936 | D:3      | Reached skill level 4 in Fighting
  1936 | D:3      | Reached XP level 5. HP: 20/34 MP: 5/5
  1936 | D:3      | Reached XP level 6. HP: 23/39 MP: 6/6
  2329 | D:4      | Reached skill level 5 in Fighting
  2477 | D:4      | Reached XP level 7. HP: 43/44 MP: 7/7
  2886 | D:4      | Slain by an ogre

Levels and vault maps discovered:
D:1:      dpeg_arrival_arbitrary_b, layout_basic
D:2:      wad_woods_tower, layout_basic, kennysheep_doodads
D:3:      layout_rooms, minivault_25, uniq_grinder
D:4:      layout_gridville, first_ration

Skill      XL: |  1  2  3  4  5  6 |
---------------+-------------------+-----
Axes           | 3 4 |  4.3
Dodging        | 2 3 |  3.4
Armour         | 3 4 |  4.6
Fighting       | 4 5 |  5.3

Action                   |  1- 3 |  4- 6 |  7- 9 || total
-------------------------+-------+-------+-------++-------
Melee: Hand axe          |   105 |   128 |    82 ||   315
Invok: Berserk           |     1 |     2 |       ||     3
       Trog's Hand       |       |     2 |       ||     2
  Eat: Chunk             |     3 |     6 |     1 ||    10
Armor: Animal skin       |    11 |       |       ||    11
       Chain mail        |    59 |    97 |    51 ||   207
Dodge: Dodged            |    72 |    70 |    42 ||   184
